 Dungeon Crawl Stone Soup version 0.21-a0-331-gfb491b4 (webtiles) character file.

52 tidbits the Charmwright (level 3, 0/31 HPs)
             Began as a Gnoll Skald on Oct 2, 2017.
             Slain by an orc
             ... wielding a +0 hand axe
              (7 damage)
             ... on level 2 of the Dungeon.
             The game lasted 00:01:13 (198 turns).

tidbits the Charmwright (Gnoll Skald)                Turns: 198, Time: 00:01:14

Health: 0/31       AC:  3    Str: 13    XL:     3   Next: 85%
Magic:  0/9        EV: 14    Int: 16    God:
Gold:   4          SH:  0    Dex: 14    Spells: 7/12 levels left

rFire    . . .     SeeInvis .   a - +0 hand axe
rCold    . . .     Gourm    .   (no shield)
rNeg     . . .     Faith    .   b - +0 leather armour
rPois    .         Spirit   .   (no helmet)
rElec    .         Reflect  .   (no cloak)
rCorr    .         Harm     .   (no gloves)
MR       .....                  (no boots)
Stlth    +.........             (no amulet)
HPRegen  0.10/turn              (no ring)
MPRegen  0.11/turn              (no ring)

@: infused
A: distributed training, fangs 1, strong nose
a: no special abilities


You were on level 2 of the Dungeon.
You were not hungry.

You visited 1 branch of the dungeon, and saw 2 of its levels.

You collected 4 gold pieces.

Inventory:

Hand Weapons
 a - a +0 hand axe (weapon)
Armour
 b - a +0 leather armour (worn)
Scrolls
 e - a scroll of enchant weapon {unknown}
Books
 c - a book of Battle

   Spells                             Type                      Level
   a - Infusion                       Charms                       1
   b - Shroud of Golubria             Charms/Translocation         2
   c - Song of Slaying                Charms                       2
   d - Spectral Weapon                Hexes/Charms                 3
   e - Regeneration                   Charms/Necromancy            3
Comestibles
 d - 2 bread rations
 f - 3 chunks of flesh


   Skills:
 + Level 4.5 Fighting
 + Level 0.9 Short Blades
 + Level 0.9 Long Blades
 + Level 4.5 Axes
 + Level 0.9 Maces & Flails
 + Level 0.9 Polearms
 + Level 0.9 Staves
 + Level 0.9 Slings
 + Level 0.9 Bows
 + Level 0.9 Crossbows
 + Level 0.9 Throwing
 + Level 2.6 Armour
 + Level 4.5 Dodging
 + Level 0.9 Stealth
   Level 0.0 Stabbing
 + Level 0.9 Shields
   Level 0.0 Traps
 + Level 0.9 Unarmed Combat
 + Level 5.0 Spellcasting
 + Level 0.9 Conjurations
 + Level 0.9 Hexes
 + Level 6.5 Charms
 + Level 0.9 Summonings
 + Level 0.9 Necromancy
 + Level 0.9 Translocations
 + Level 0.9 Transmutations
 + Level 0.9 Fire Magic
 + Level 0.9 Ice Magic
 + Level 0.9 Air Magic
 + Level 0.9 Earth Magic
 + Level 0.9 Poison Magic
 + Level 0.9 Invocations
 + Level 0.9 Evocations


You had 7 spell levels left.
You knew the following spells:

 Your Spells              Type           Power        Failure   Level  Hunger
g - Shroud of Golubria    Chrm/Tloc      ###.......   6%          2    #......
i - Infusion              Chrm           ####         1%          1    None
y - Song of Slaying       Chrm           ####....     1%          2    #......


Dungeon Overview and Level Annotations

Branches:
Dungeon (2/15)

Altars:


Innate Abilities, Weirdness & Mutations

Your experience applies equally to all skills.
You have very sharp teeth.
Your uncanny sense of smell can sniff out nearby items.


Message History

The kobold closely misses you.
You hit the kobold.
You kill the kobold!
You see here 4 stones.
Found a stone staircase leading down.
There is a stone staircase leading down here.
You climb downwards.
There is a stone staircase leading up here.
Found 13 stones.
You see here 13 stones.
A bat comes into view.
Found a bread ration.
The bat barely misses you.
Casting: Infusion
Confirm with . or Enter, or press ? or * to list all spells.
You start singing a song of slaying.
The bat hits you. The bat hits you but does no damage. x2
The bat hits you. The bat closely misses you. The bat misses you.
The bat barely misses you.
You closely miss the bat. Your bite misses the bat. The bat misses you.
You slash the bat!
You kill the bat!
d - 2 bread rations (gained 1)
Your song is almost over.
You hear a shout! x2
An orc wizard comes into view. It is wielding a dagger.
You hear a shout! x2
Your song has ended.
An orc comes into view. It is wielding a mace.
You closely miss the orc wizard.
The orc wizard hits you but does no damage.
A goblin comes into view. It is wielding a club.
You hit the orc wizard but do no damage.
The orc wizard looks satisfied for a moment.
A bat comes into view.
You barely miss the orc wizard.
The orc wizard points at you and mumbles some strange words.
The puff of flame hits you!
* * * LOW HITPOINT WARNING * * *
Casting: Song of Slaying
Confirm with . or Enter, or press ? or * to list all spells.
You begin infusing your attacks with magical energy.
The orc completely misses you. The orc wizard misses you.
You hit the orc wizard!
The orc wizard is heavily wounded.
You hit the orc. The orc hits you with a mace.
* * * LOW HITPOINT WARNING * * *
The orc wizard completely misses you.
You are too injured to fight recklessly!
You barely miss the orc wizard. Your bite misses the orc wizard.
The orc wizard is heavily wounded.
You closely miss the orc. The orc hits you with a mace.
* * * LOW HITPOINT WARNING * * *
The orc wizard misses you.
You closely miss the orc wizard.
The orc wizard is heavily wounded.
You hit the orc.
You kill the orc!
The orc wizard barely misses you.
You closely miss the orc wizard.
The orc wizard is heavily wounded.
The orc wizard misses you.
You hit the orc wizard.
The orc wizard is almost dead.
The orc wizard hits you with a dagger.
* * * LOW HITPOINT WARNING * * *
You hit the orc wizard.
The orc wizard is almost dead.
The orc wizard misses you.
An orc comes into view. It is wielding a hand axe.
You hit the orc wizard.
You kill the orc wizard!
Your Spellcasting skill increases to level 5!
You have reached level 3!
Your experience leads to an increase in your attributes!
Increase (S)trength, (I)ntelligence, or (D)exterity?
You feel clever.
You hit the goblin but do no damage. The goblin completely misses you.
An orc priest comes into view. It is wielding a whip.
The orc priest shouts!
You barely miss the bat. You barely miss the goblin.
The bat hits you but does no damage. The bat misses you. The goblin misses you.
The bat hits you.
* * * LOW HITPOINT WARNING * * *
You hit the bat.
You kill the bat!
You hit the goblin.
You kill the goblin!
You barely miss the orc priest. The orc priest misses you.
You hit the orc priest.
The orc priest is lightly wounded.
You hit the orc.
The orc priest calls upon Beogh to heal the orc.
The orc's wounds heal themselves!
The orc hits you but does no damage.
You hit the orc priest.
The orc priest is moderately wounded.
You hit the orc but do no damage. The orc priest barely misses you.
The orc hits you with a hand axe!
You die...

#.# #.# #.# #.# #.#
#.# ####.# #.#
..##.# #o##.#
#.##.# #.###)##.#
#...).o@.########.#
#####.o...........#
###############


You could see an orc priest and an orc.

Vanquished Creatures
  An orc wizard (D:2)
  A gnoll (D:1)
  An orc (D:2)
  2 goblins
  3 jackals (D:1)
  3 bats
  A kobold (D:1)
  A rat (D:1)
13 creatures vanquished.

Notes
Turn   | Place    | Note
-------+----------+-------------------------------------------
     0 | D:1      | tidbits the Gnoll Skald began the quest for the Orb.
     0 | D:1      | Reached XP level 1. HP: 20/20 MP: 6/6
    88 | D:1      | Reached XP level 2. HP: 17/26 MP: 0/7
    92 | D:1      | Learned a level 2 spell: Song of Slaying
    95 | D:1      | Learned a level 2 spell: Shroud of Golubria
   190 | D:2      | Reached skill level 5 in Spellcasting
   190 | D:2      | Reached XP level 3. HP: 7/31 MP: 0/9
   198 | D:2      | Slain by an orc

Vault maps used:
D:1:      minmay_arrival_four_loops
D:2:      first_bread, minmay_pentomino_w4

Skill      XL: |  1  2 |
---------------+-------+-----
Spellcasting   | 5 |  5.0
Fighting       | |  4.5
Short Blades   | |  0.9
Long Blades    | |  0.9
Axes           | |  4.5
Maces & Flails | |  0.9
Polearms       | |  0.9
Staves         | |  0.9
Slings         | |  0.9
Bows           | |  0.9
Crossbows      | |  0.9
Throwing       | |  0.9
Armour         | |  2.6
Dodging        | |  4.5
Stealth        | |  0.9
Shields        | |  0.9
Unarmed Combat | |  0.9
Conjurations   | |  0.9
Hexes          | |  0.9
Charms         | |  6.5
Summonings     | |  0.9
Necromancy     | |  0.9
Translocations | |  0.9
Transmutations | |  0.9
Fire Magic     | |  0.9
Ice Magic      | |  0.9
Air Magic      | |  0.9
Earth Magic    | |  0.9
Poison Magic   | |  0.9
Invocations    | |  0.9
Evocations     | |  0.9

Action                   || total
-------------------------++-------
Melee: Hand axe          ||    32
       Bite              ||     2
 Cast: Infusion          ||     3
       Song of Slaying   ||     1
Armor: Leather armour    ||     6
Dodge: Dodged            ||    29

Table legend:
 A = Spawn XP
 B = Non-spawn XP
 C = Spawn XP percentage of total XP
 D = Spawn monster count
 E = Non-spawn monster count
 F = Spawn count percentage of total count
 G = Total turns spent on level
                    A         B        C        D         E        F      G
               +---------+---------+-------+---------+---------+-------+---------
         Total |       0 |      75 |   0.0 |       0 |      13 |   0.0 |   198
               +---------+---------+-------+---------+---------+-------+---------
           D:1 |       0 |      26 |   0.0 |       0 |       8 |   0.0 |   121
           D:2 |       0 |      49 |   0.0 |       0 |       5 |   0.0 |    77
               +---------+---------+-------+---------+---------+-------+---------

Table legend:
 A = Turns spent in this place as a percentage of turns spent in the entire game.
 B = Non-inter-level travel turns spent in this place as a percentage of non-inter-level travel turns spent in the entire game.
 C = Inter-level travel turns spent in this place as a percentage of turns spent in this place.
 D = Turns resting spent in this place as a percentage of non-inter-level travel turns spent in this place.
 E = Turns spent auto-exploring this place as a percentage of non-inter-level travel turns spent in this place.
 F = Non-inter-level travel turns spent in this place divided by the number of levels of this place that you've seen.
                   A       B       C       D       E      F
               +-------+-------+-------+-------+-------+----------------------
         Total | 100.0 | 100.0 |   0.0 |   0.0 |   0.0 |  99.0
       Dungeon | 100.0 | 100.0 |   0.0 |   0.0 |   0.0 |  99.0
               +-------+-------+-------+-------+-------+----------------------

Table legend:
 A = Kills in this place as a percentage of kills in entire the game.
 B = Kills by you in this place as a percentage of kills by you in the entire game.
 C = Kills by friends in this place as a percentage of kills by friends in the entire game.
 D = Other kills in this place as a percentage of other kills in the entire game.
 E = Experience gained in this place as a percentage of experience gained in the entire game.
 F = Experience gained in this place divided by the number of levels of this place that you have seen.
                   A       B       C       D       E      F
               +-------+-------+-------+-------+-------+----------------------
         Total | 100.0 | 100.0 |   N/A |   N/A | 100.0 |  37.5
       Dungeon | 100.0 | 100.0 |   N/A |   N/A | 100.0 |  37.5
               +-------+-------+-------+-------+-------+----------------------

Vault maps used:
D:1:      minmay_arrival_four_loops
D:2:      first_bread, minmay_pentomino_w4
